 Dungeon Crawl Stone Soup version 0.29-a0-330-g52719c12eb (webtiles) character file.

Game seed: 6245748221633244010

20 kae the Ruffian (level 2, -2/23 HPs)
             Began as a Draconian Transmuter on May 17, 2022.
             Slain by a hobgoblin (4 damage)
             ... led by Robin
             ... on level 2 of the Dungeon.
             The game lasted 00:00:31 (1216 turns).

kae the Ruffian (Draconian Transmuter)              Turns: 1216, Time: 00:00:31

Health: -2/23      AC:  4    Str: 12    XL:     2   Next: 58%
Magic:  5/5        EV: 12    Int: 13    God:
Gold:   47         SH:  0    Dex: 11    Spells: 2/5 levels left

rFire   . . .      SeeInvis .     - Unarmed
rCold   . . .      Faith    .   (no shield)
rNeg    . . .      Spirit   .   (body armour unavailable)
rPois   .          Reflect  .   (helmet currently unavailable)
rElec   .          Harm     .   (no cloak)
rCorr   .          Rampage  .   (no gloves)
Will    .....                   (boots currently unavailable)
Stlth   +.........              (no amulet)
HPRegen 0.07/turn               (no ring)
MPRegen 0.09/turn               (no ring)

@: appendages (expiring)
A: horns 2, talons 2, AC +4, unfitting armour, cold-blooded
a: End Transformation


You were on level 2 of the Dungeon.
You had temporarily grown beastly horns and talons.
You visited 1 branch of the dungeon, and saw 2 of its levels.

You collected 47 gold pieces.

Inventory:

Scrolls
 c - a scroll of enchant weapon
Potions
 a - a potion of lignification
 b - a potion of resistance
 d - a potion of curing


   Skills:
 - Level 1.1 Fighting
 - Level 1.7 Dodging
 + Level 3.2 Unarmed Combat
 + Level 2.2 Spellcasting
 * Level 2.7 Transmutations


You had 2 spell levels left.
You knew the following spells:

 Your Spells              Type           Power      Damage    Failure   Level
a - Beastly Appendage     Tmut           16%        N/A       9%          1
b - Wereblood             Tmut           8%         N/A       12%         2

Your spell library contained the following spells:

 Spells                   Type           Power      Damage    Failure   Level
 Spider Form              Tmut/Pois      4%         N/A       38%         3
 Dazzling Flash           Conj/Hex       2%         N/A       58%         3
 Ice Form                 Ice/Tmut       4%         N/A       80%         4
 Agony                    Necr           1%         N/A       100%        5
 Silence                  Hex/Air        0%         N/A       100%        5


Dungeon Overview and Level Annotations

Branches:
Dungeon (2/15)

Altars:

Annotations:
D:2 Robin


Innate Abilities, Weirdness & Mutations

You have temporarily grown beastly horns and talons.
Your plain brown scales are hard. (AC +4)
You cannot fit into any form of body armour.
You are cold-blooded and may be slowed by cold attacks.


Message History

Robin throws the goblin at you!
You hit the goblin. Your kick misses the goblin.
The goblin is severely wounded.
The frilled lizard bites you but does no damage.
The hobgoblin hits you but does no damage.
The goblin closely misses you. x2; The goblin barely misses you.
There are monsters nearby!
You hit the goblin.
You kill the goblin!
The frilled lizard closely misses you. The goblin barely misses you.
The hobgoblin misses you. The goblin misses you.
You barely miss the goblin. Your headbutt misses the goblin.
The frilled lizard bites you. The goblin misses you.
The hobgoblin barely misses you. The goblin hits you but does no damage.
The goblin barely misses you.
A goblin comes into view. It is wielding a +0 club.
You barely miss the goblin. The frilled lizard bites you.
The goblin closely misses you. The goblin hits you with a +0 dagger.
The hobgoblin hits you. The goblin barely misses you.
Robin roars a battlecry!
The goblins go into a battle-frenzy!
You hit the goblin. Your kick misses the goblin.
Your headbutt misses the goblin.
Your tail-slap misses the goblin.
The goblin is heavily wounded.
The frilled lizard bites you. The goblin closely misses you.
The goblin hits you but does no damage. The hobgoblin barely misses you.
The goblin hits you with a +0 dagger.
You closely miss the goblin. You claw the goblin.
You kill the goblin!
Your transformation is almost over.
The goblin barely misses you. The hobgoblin hits you.
* * * LOW HITPOINT WARNING * * *
The goblin completely misses you. The frilled lizard closely misses you.
Okay, then.
The frilled lizard attacks as you move away!
The frilled lizard bites you.
* * * LOW HITPOINT WARNING * * *
A rat comes into view.
The hobgoblin hits you.
You die...

#####............
#.....<#.).....#
#.###.##)#####.#
# #>..†.......
#.######.#######
................
#....##.#[.....
#..#....#......
## ###@........
#ggg........
#.:gl.##.......
#g###g# .....>. #
.g# ...... #.##
...... r. .....
.#. #### #.


You could see Robin, 2 hobgoblins, 4 goblins, a frilled lizard and a rat
(wandering).

Vanquished Creatures
  2 ball pythons
  2 endoplasms (D:1)
  A giant cockroach (D:1)
  3 hobgoblins
  A frilled lizard (D:1)
  5 goblins (D:2)
  A kobold (D:1)
  2 rats
17 creatures vanquished.

Notes
Turn   | Place    | Note
-------+----------+-------------------------------------------
     0 | D:1      | kae the Draconian Transmuter began the quest for the Orb.
     0 | D:1      | Reached XP level 1. HP: 16/16 MP: 3/3
   746 | D:1      | Found a faded altar of an unknown god.
   878 | D:1      | Reached XP level 2. HP: 19/23 MP: 3/5
  1182 | D:2      | Learned a level 2 spell: Wereblood
  1208 | D:2      | Noticed Robin
  1216 | D:2      | Slain by a hobgoblin

Illustrated notes

Levels and vault maps discovered:
D:1:      dpeg_arrival_simpleton_b, layout_loops_corners,
          hellmonk_ecumenical_altar_inner_sanctum
D:2:      layout_basic, minmay_pentomino_t4, uniq_robin

Action                   || total
-------------------------++-------
Melee: Unarmed           ||    39
       Kick              ||     5
       Headbutt          ||     4
       Tailslap          ||     2
 Cast: Beastly Appendage ||    10
  Use: Scroll            ||     5
Armor: Skin              ||    10
Dodge: Dodged            ||    41

Table legend: (Time is in decaauts)
 A = Elapsed time spent in this place.
 B = Non-inter-level travel time spent in this place.
 C = Inter-level travel time spent in this place.
 D = Time resting spent in this place.
 E = Time spent auto-exploring this place.
 F = Levels seen in this place.
 G = Mean time per level.
                   A        B        C        D        E       F      G
               +--------+--------+--------+--------+--------+-----+--------+
         Total |   1213 |   1177 |     36 |      0 |   1058 |   2 |  606.5 |
       Dungeon |   1213 |   1177 |     36 |      0 |   1058 |   2 |  606.5 |
               +--------+--------+--------+--------+--------+-----+--------+

Top non-repeatable levels by time:
     D:1: 1156 daAuts
     D:2: 56 daAuts
